 Dungeon Sprint DCSS version 0.30.0-20-g3b4254fcbd (webtiles) character file.

Game seed: 11835889017415385384

8600000 Revguard the Formicid Barricade (level 27, -33/217 (249) HPs)
             Began as a Formicid Fighter on June 2, 2023.
             Was the Champion of Makhleb.
             Killed from afar by a wretched soul (94 damage)
             ... with a bolt of negative energy
             ... in the Dungeon (Sprint VIII: "Arena of Blood").
             The game lasted 00:10:55 (86 turns).

Revguard the Formicid Barricade (Formicid Fighter)    Turns: 86, Time: 00:10:56

HP:   -33/217 (249) AC: 13    Str: 25    XL:     27
MP:   19/54         EV: 30    Int: 10    God:    Makhleb [******]
Gold: 0             SH: 12    Dex: 21    Spells: 80/80 levels left

rFire   . . .        i - +∞ Axe of Woe
rCold   . . .        c - +0 buckler
rNeg    . . .        b - +0 scale mail
rPois   .            (helmet unavailable)
rElec   .            (no cloak)
rCorr   .            (no gloves)
SInv    +            (no boots)
Will    ++...        (no amulet)
Stlth   +++++++++    j - +30 ring of slaying
HPRegen 0.56/turn    l - +200 ring of slaying
MPRegen 0.34/turn

%: no passive effects
@: heavily drained
A: permanent stasis, dig shafts and tunnels, antennae 3, four strong arms
a: Dig, Renounce Religion, Minor Destruction, Lesser Servant of Makhleb, Major
Destruction, Greater Servant of Makhleb


You were in the Dungeon.
You worshipped Makhleb.
Makhleb was exalted by your worship.
You visited 1 branch

Inventory:

Hand Weapons
 a - a +0 war axe
 i - the +∞ Axe of Woe (weapon)
   (You found it in the Dungeon)
Armour
 b - a +0 scale mail (worn)
 c - a +0 buckler (worn)
Jewellery
 j - a +30 ring of slaying (left hand)
 k - a +30 ring of slaying
 l - a +200 ring of slaying (right hand)
Scrolls
 h - a scroll of blinking
Potions
 d - a potion of might
 e - a potion of curing
 f - a potion of heal wounds
 g - 2 potions of magic


   Skills:
 O Level 27 Fighting
 O Level 27 Short Blades
 O Level 27 Long Blades
 O Level 27 Axes
 O Level 27 Maces & Flails
 O Level 27 Polearms
 O Level 27 Staves
 O Level 27 Ranged Weapons
 + Level 21.1 Throwing
 O Level 27 Armour
 O Level 27 Dodging
 O Level 27 Stealth
 O Level 27 Shields
 O Level 27 Unarmed Combat
 O Level 27 Spellcasting
 + Level 19.4 Conjurations
 + Level 24.5 Hexes
 + Level 21.0 Summonings
 + Level 21.0 Necromancy
 + Level 19.5 Translocations
 + Level 22.6 Transmutations
 + Level 21.0 Fire Magic
 + Level 21.0 Ice Magic
 + Level 18.1 Air Magic
 + Level 24.6 Earth Magic
 + Level 26.3 Poison Magic
 O Level 27 Invocations
 O Level 27 Evocations


You had 80 spell levels left.
You didn't know any spells.
Your spell library was empty.

Dungeon Overview and Level Annotations

Branches:
Dungeon (1/1)

Altars:
Makhleb


Innate Abilities, Weirdness & Mutations

You cannot be hasted, slowed, berserked, paralysed or teleported.
You can dig through walls and to a lower floor.
You have a pair of large antennae on your head. (SInv)
Your four strong arms can wield two-handed weapons with a shield.


Message History

Press: ? - help, Shift-Dir - straight line, f - meat berserker
Aim: a meat berserker, wielding a +9 battleaxe and wearing a +30 ring of slaying (severely wounded, berserk)
The bolt of lightning hits the destroyer!!!
The destroyer is lightly damaged.
The bolt of lightning hits the meat berserker!
The meat berserker is severely wounded.
You hear a shout! x5
A large bag of meat comes into view. It is wielding a +9 giant spiked club.
You hear a shout! x2
Your green death gestures at the wretched soul.
The poison arrow hits the wretched soul!
The wretched soul partially resists.
You hear a shout! x2
A bag of meat comes into view. It is wielding a +9 war axe.
The wretched soul hits your green death.
You hear a shout!
The meat berserker is engulfed in blazing flames.
The meat berserker hits you with a +9 battleaxe!!!
* * * LOW HITPOINT WARNING * * *
The meat berserker hits your green death with a +9 battleaxe!!
Your green death dies!
Your green death disappears in a puff of smoke!
You hear a shout!
You dice the meat berserker like an onion!!!!!
You hew the meat berserker savagely.
You kill the meat berserker!
Makhleb accepts your kill.
You slice the wretched soul!!
You pulverise the wretched soul into a thin bloody mist.
You destroy the wretched soul!
Makhleb accepts your kill.
You feel better.
You hear a shout! x9
The destroyer points at you and mumbles some strange words.
The destroyer blinks!
The wretched soul hits your cacodemon but does no damage.
The wretched soul breathes negative energy at you.
The bolt of negative energy hits you!!!!
You feel drained.
You die...

..###.. .).###...
.......###))○.....
......))_)))§.....
.....#)))))#°.....
... #_.<)_#......
. ...#...))#......
......_.))W.....
......###)2......
{###.W§§@)W###...
#..§§§).# ..
#...O...#
..o..V......
.ooo..V......
...§.........#
.O.........##W.
.#........#. ..


You could see 2 destroyers, a large bag of meat (inner flame), a meat berserker
(berserk), 4 wretched souls, 4 bags of meat and a friendly cacodemon (summoned).

Vanquished Creatures
  5 hell beasts (D)
  A royal mummy (D)
  2 wraiths (D)
  7 vampire knights (D)
  26 ogres (D)
  4 two-headed ogres (D)
  3 liches (D)
  A hydra (D)
  2 phantoms (D)
  43 orcs (D)
  A skeletal warrior (D)
95 creatures vanquished.

Vanquished Creatures (collateral kills)
  An ogre (D)
  2 orcs (D)
3 creatures vanquished.

Vanquished Creatures (others)
  An ogre (D)
  A two-headed ogre (D)
  2 orcs (D)
4 creatures vanquished.

Grand Total: 102 creatures vanquished

Notes
Turn   | Place    | Note
-------+----------+-------------------------------------------
     0 | D        | Found the +∞ Axe of Woe
     0 | D        | Revguard the Formicid Fighter began the quest for the Orb.
     0 | D        | Reached XP level 1. HP: 18/18 MP: 1/1
     0 | D        | Noticed a meat berserker
     1 | D        | Noticed a bag of meat
     2 | D        | Noticed a bag of meat
     3 | D        | Became a worshipper of Makhleb the Destroyer
     3 | D        | Noticed a bag of meat
     3 | D        | Noticed a bag of meat
     4 | D        | Killed a meat berserker
     4 | D        | Noticed a meat berserker
     5 | D        | Reached XP level 2. HP: 42/42 MP: 1/10
     5 | D        | Reached XP level 3. HP: 48/48 MP: 1/11
     5 | D        | Reached XP level 4. HP: 55/55 MP: 1/13
     5 | D        | Reached XP level 5. HP: 61/61 MP: 1/14
     5 | D        | Reached XP level 6. HP: 68/68 MP: 1/16
     5 | D        | Reached XP level 7. HP: 74/74 MP: 1/17
     5 | D        | Reached XP level 8. HP: 81/81 MP: 1/19
     5 | D        | Reached XP level 9. HP: 87/87 MP: 1/20
     5 | D        | Reached XP level 10. HP: 94/94 MP: 1/21
     5 | D        | Reached XP level 11. HP: 100/100 MP: 1/22
     5 | D        | Reached XP level 12. HP: 107/107 MP: 1/23
     5 | D        | Noticed a meat berserker
     5 | D        | Killed a bag of meat
     5 | D        | Reached * piety under Makhleb
     6 | D        | Reached skill level 15 in Fighting
     6 | D        | Reached skill level 15 in Armour
     6 | D        | Reached XP level 13. HP: 115/115 MP: 1/25
     6 | D        | Noticed a bag of meat
     8 | D        | Noticed a bag of meat
     9 | D        | Killed a meat berserker
     9 | D        | Killed a meat berserker
     9 | D        | Killed a bag of meat
     9 | D        | Reached ** piety under Makhleb
     9 | D        | Noticed a bag of meat
     9 | D        | Noticed a bag of meat
     9 | D        | Noticed a bag of meat
    10 | D        | Reached skill level 15 in Dodging
    10 | D        | Reached XP level 14. HP: 91/131 MP: 1/27
    10 | D        | Reached XP level 15. HP: 95/137 MP: 1/28
    10 | D        | Noticed a meat berserker
    12 | D        | Reached *** piety under Makhleb
    13 | D        | Reached **** piety under Makhleb
    14 | D        | Reached XP level 16. HP: 152/152 MP: 2/31
    19 | D        | Killed a meat berserker
    19 | D        | Noticed a destroyer
    20 | D        | Reached skill level 27 in Shields
    20 | D        | Reached XP level 17. HP: 120/164 MP: 3/33
    21 | D        | Reached ***** piety under Makhleb
    21 | D        | Noticed a meat berserker
    22 | D        | Noticed a large bag of meat
    24 | D        | Noticed a large bag of meat
    24 | D        | Noticed a large bag of meat
    25 | D        | Noticed a meat berserker
    25 | D        | Noticed a meat berserker
    26 | D        | Reached XP level 18. HP: 177/177 MP: 5/35
    26 | D        | Noticed a destroyer
    26 | D        | Noticed a meat berserker
    27 | D        | Reached skill level 27 in Invocations
    27 | D        | Noticed a meat berserker
    27 | D        | Noticed a meat berserker
    28 | D        | Killed a meat berserker
    28 | D        | Noticed an eight-headed meat hydra
    28 | D        | Noticed a meat berserker
    29 | D        | Reached skill level 27 in Armour
    29 | D        | Noticed a meat berserker
    30 | D        | Killed a destroyer
    30 | D        | Reached ****** piety under Makhleb
    30 | D        | Noticed a meat berserker
    31 | D        | Reached skill level 27 in Fighting
    31 | D        | Reached skill level 27 in Axes
    31 | D        | Reached XP level 19. HP: 133/189 MP: 6/36
    31 | D        | Killed a destroyer
    31 | D        | Killed a meat berserker
    32 | D        | Reached skill level 27 in Dodging
    32 | D        | Killed a meat berserker
    32 | D        | Killed a large bag of meat
    33 | D        | Reached skill level 27 in Stealth
    33 | D        | Reached XP level 20. HP: 84/197 MP: 6/37
    34 | D        | Killed a meat berserker
    34 | D        | Killed a meat berserker
    34 | D        | Killed a meat berserker
    35 | D        | Killed a large bag of meat
    35 | D        | Killed a large bag of meat
    37 | D        | Killed a meat berserker
    38 | D        | Reached skill level 15 in Unarmed Combat
    38 | D        | Reached skill level 15 in Spellcasting
    38 | D        | Noticed a meat berserker
    38 | D        | Killed a meat berserker
    39 | D        | Killed a large bag of meat
    40 | D        | Noticed a meat berserker
    41 | D        | Killed a meat berserker
    41 | D        | Killed an eight-headed meat hydra
    42 | D        | Noticed a destroyer
    42 | D        | Killed a meat berserker
    43 | D        | Killed a meat berserker
    44 | D        | Noticed a destroyer
    45 | D        | Noticed a destroyer
    46 | D        | Reached XP level 21. HP: 160/204 MP: 9/43
    47 | D        | Killed a destroyer
    47 | D        | Noticed a meat berserker
    48 | D        | Noticed a destroyer
    48 | D        | Noticed a meat berserker
    49 | D        | Killed a destroyer
    51 | D        | Noticed a meat berserker
    51 | D        | Noticed a tyrant
    52 | D        | Noticed an accursed
    53 | D        | Killed a tyrant
    53 | D        | Killed a meat berserker
    54 | D        | Reached skill level 27 in Evocations
    54 | D        | Reached XP level 22. HP: 212/212 MP: 11/52
    55 | D        | Killed a meat berserker
    55 | D        | Noticed a tyrant
    56 | D        | Reached skill level 27 in Unarmed Combat
    56 | D        | Reached skill level 27 in Spellcasting
    56 | D        | Killed a meat berserker
    57 | D        | Noticed a meat berserker
    58 | D        | Killed a destroyer
    59 | D        | Reached XP level 23. HP: 219/219 MP: 12/54
    59 | D        | Noticed a destroyer
    60 | D        | Noticed a meat beast
    63 | D        | Reached skill level 15 in Short Blades
    63 | D        | Reached skill level 15 in Long Blades
    63 | D        | Reached skill level 15 in Maces & Flails
    63 | D        | Reached skill level 15 in Polearms
    63 | D        | Reached skill level 15 in Staves
    63 | D        | Reached skill level 15 in Ranged Weapons
    63 | D        | Killed a destroyer
    64 | D        | Reached XP level 24. HP: 227/227 MP: 13/54
    65 | D        | Killed a meat beast
    65 | D        | Killed a destroyer
    66 | D        | Reached XP level 25. HP: 234/234 MP: 14/54
    66 | D        | Noticed a meat beast
    66 | D        | Killed a tyrant
    67 | D        | Noticed a tyrant
    69 | D        | Noticed a meat beast
    70 | D        | Killed a meat beast
    71 | D        | Reached XP level 26. HP: 242/242 MP: 15/54
    72 | D        | Reached skill level 27 in Short Blades
    72 | D        | Reached skill level 27 in Long Blades
    72 | D        | Reached skill level 27 in Maces & Flails
    72 | D        | Reached skill level 27 in Polearms
    72 | D        | Reached skill level 27 in Staves
    72 | D        | Reached skill level 27 in Ranged Weapons
    72 | D        | Killed an accursed
    72 | D        | Noticed a dread
    73 | D        | Noticed a dread
    73 | D        | Noticed a large bag of meat
    74 | D        | Killed a tyrant
    75 | D        | Reached skill level 10 in Transmutations
    75 | D        | Reached XP level 27. HP: 197/249 MP: 16/54
    75 | D        | Killed a meat beast
    75 | D        | Noticed a meat beast
    76 | D        | Reached skill level 15 in Hexes
    76 | D        | Reached skill level 15 in Earth Magic
    77 | D        | Reached skill level 15 in Transmutations
    77 | D        | Killed a dread
    78 | D        | Reached skill level 15 in Throwing
    78 | D        | Reached skill level 15 in Summonings
    78 | D        | Reached skill level 15 in Necromancy
    78 | D        | Reached skill level 15 in Fire Magic
    78 | D        | Reached skill level 15 in Ice Magic
    78 | D        | Noticed a destroyer
    79 | D        | Noticed a meat beast
    80 | D        | Killed a large bag of meat
    80 | D        | Killed a meat beast
    80 | D        | Killed a meat beast
    80 | D        | Noticed a destroyer
    82 | D        | Killed a dread
    85 | D        | Noticed a large bag of meat
    86 | D        | Killed from afar by a wretched soul

Illustrated notes

Levels and vault maps discovered:
D:        meatsprint

Skill      XL: |  1  2  3  4  5  6  7  8  9 10 11 12 13 14 15 16 17 18 19 20 21 22 23 24 25 26 27 |
---------------+----------------------------------------------------------------------------------+-----
Fighting       | 14 15 18 21 23 25 27 | 27.0
Axes           | 12 13 17 19 21 23 27 | 27.0
Armour         | 14 15 18 21 23 25 27 | 27.0
Dodging        | 11 12 15 18 19 21 25 27 | 27.0
Shields        | 16 17 21 25 27 | 27.0
Invocations    | 14 16 19 23 24 26 27 | 27.0
Stealth        | 27 | 27.0
Unarmed Combat | 6 18 26 27 | 27.0
Spellcasting   | 6 18 26 27 | 27.0
Evocations     | 6 19 27 | 27.0
Short Blades   | 12 17 22 26 27 | 27.0
Long Blades    | 12 17 22 26 27 | 27.0
Maces & Flails | 12 17 22 26 27 | 27.0
Polearms       | 12 17 22 26 27 | 27.0
Staves         | 12 17 22 26 27 | 27.0
Ranged Weapons | 12 17 22 26 27 | 27.0
Throwing       | 9 21 | 21.1
Conjurations   | 9 19 | 19.4
Hexes          | 11 24 | 24.5
Summonings     | 9 21 | 21.0
Necromancy     | 9 21 | 21.0
Translocations | 9 19 | 19.5
Transmutations | 10 22 | 22.6
Fire Magic     | 9 21 | 21.0
Ice Magic      | 9 21 | 21.0
Air Magic      | 8 18 | 18.1
Earth Magic    | 11 24 | 24.6
Poison Magic   | 12 26 | 26.3

Action                     |  1- 3 |  4- 6 |  7- 9 | 10-12 | 13-15 | 16-18 | 19-21 | 22-24 | 25-27 || total
---------------------------+-------+-------+-------+-------+-------+-------+-------+-------+-------++-------
  Melee: Executioner's axe |     1 |       |       |     1 |     5 |     9 |    11 |     9 |    14 ||    50
 Invoke: Lesser Servant of |       |       |       |       |       |     1 |       |       |       ||     1
         Major Destruction |       |       |       |       |       |     1 |     2 |       |     2 ||     5
         Greater Servant o |       |       |       |       |       |       |     4 |     3 |     3 ||    10
   Stab: Distracted        |       |       |       |       |       |       |       |     1 |     1 ||     2
  Dodge: Dodged            |       |       |       |       |       |     1 |       |     1 |     4 ||     6
  Block: Buckler           |       |       |       |       |       |     1 |     1 |     2 |     1 ||     5
